 Dungeon Crawl Stone Soup version 0.30-a0-242-g7bf8e6d787 (webtiles) character file.

Game seed: 7963696038006054153

52 Anon1729 the Covered (level 3, -1/31 HPs)
             Began as a Demigod Fighter on Oct 11, 2022.
             Frozen to death by an endoplasm (4 damage)
             ... on level 2 of the Dungeon.
             The game lasted 00:01:05 (985 turns).

Anon1729 the Covered (Demigod Fighter)               Turns: 985, Time: 00:01:06

Health: -1/31      AC:  6    Str: 17    XL:     3   Next: 39%
Magic:  5/5        EV:  9    Int: 14    God:
Gold:   120        SH:  4    Dex: 13    Spells: 2/2 levels left

rFire   . . .      SeeInvis .      - Unarmed
rCold   . . .      Faith    .    b - +0 buckler
rNeg    . . .      Spirit   .    a - +0 scale mail
rPois   .          Reflect  .    (no helmet)
rElec   .          Harm     .    (no cloak)
rCorr   .          Rampage  .    (no gloves)
Will    .....                    (no boots)
Stlth   ..........               (no amulet)
HPRegen 0.25/turn                (no ring)
MPRegen 0.09/turn                (no ring)

@: no status effects
A: high MP 1, forlorn, divine attributes
a: no special abilities


You were on level 2 of the Dungeon.
You visited 1 branch of the dungeon, and saw 2 of its levels.

You collected 120 gold pieces.

Inventory:

Armour
 a - a +0 scale mail (worn)
 b - a +0 buckler (worn)
Scrolls
 d - 5 scrolls of identify {unknown}
 g - a scroll of vulnerability {unknown}
 h - a scroll of teleportation {unknown}
Potions
 c - 2 potions of might
 e - 4 potions of curing {unknown}
 f - a potion of flight {unknown}


   Skills:
 + Level 3.0 Fighting
 + Level 0.9 Ranged Weapons
 + Level 3.1 Armour
 + Level 3.1 Shields
 + Level 2.2 Unarmed Combat


You had 2 spell levels left.
You didn't know any spells.
Your spell library contained the following spells:

 Spells                   Type           Power      Damage    Failure   Level
 Shock                    Conj/Air       0%         1d3       77%         1
 Dazzling Flash           Conj/Hex       0%         N/A       98%         3
 Portal Projectile        Hex/Tloc       0%         N/A       98%         3
 Swiftness                Air            0%         N/A       98%         3
 Tukima's Dance           Hex            0%         N/A       98%         3
 Airstrike                Air            0%         2d(0-16)  100%        4
 Agony                    Necr           0%         N/A       100%        5
 Blade Hands              Tmut           0%         N/A       100%        5
 Silence                  Hex/Air        0%         N/A       100%        5


Dungeon Overview and Level Annotations

Branches:
Dungeon (2/15)

Shops:
D:1 (


Innate Abilities, Weirdness & Mutations

You have an increased reservoir of magic. (+10% MP)
You shall have no god before yourself.
Your divine heritage dramatically boosts your attributes as you level up.


Message History

You are too injured to fight recklessly!
You are too injured to fight recklessly!
You are too injured to fight recklessly!
There are monsters nearby!
There are monsters nearby!
You miss the adder.
The adder is severely wounded.
You feel sick. The adder closely misses you.
The endoplasm hits you but does no damage.
The adder barely misses you.
You hit the adder but do no damage.
The adder is severely wounded.
You feel sick. The adder closely misses you.
The endoplasm hits you but does no damage.
You barely miss the adder.
The adder is severely wounded.
You feel sick. The adder barely misses you. The endoplasm hits you.
* * * LOW HITPOINT WARNING * * *
You hit the adder but do no damage.
The adder is severely wounded.
You feel sick.
You are no longer poisoned.
The adder bites you but does no damage. The endoplasm closely misses you.
The adder closely misses you. The endoplasm attacks as you move away!
The endoplasm hits you.
* * * LOW HITPOINT WARNING * * *
You are too injured to fight recklessly!
You barely miss the adder.
The adder is severely wounded.
You block the adder's attack.
You hit the adder.
You kill the adder!
You hit the endoplasm but do no damage. The endoplasm freezes you.
You are frozen.
* * * LOW HITPOINT WARNING * * *
You barely miss the endoplasm. The endoplasm freezes you.
You are frozen.
You die...

. ############ #
#...J..##..##### .
#...#@.........# ##
#..##..........# #.
#.. ####'####'## #†
#.
#....#.(..##.####.
#.
#....#....##....<#
#
########..#########
#..##..#..# ......
+......'..# ......
##8..8##†.## ######


You could see an endoplasm.

Vanquished Creatures
  2 adders (D:2)
  5 bats
  4 endoplasms
  3 giant cockroaches
  A goblin (D:1)
  4 jackals
  A quokka (D:1)
  5 ball pythons
  3 kobolds
  3 rats
31 creatures vanquished.

Notes
Turn   | Place    | Note
-------+----------+-------------------------------------------
     0 | D:1      | Anon1729 the Demigod Fighter began the quest for the Orb.
     0 | D:1      | Reached XP level 1. HP: 18/18 MP: 3/3
   100 | D:1      | Found Fuzupn's Weapon Shop.
   268 | D:1      | Reached XP level 2. HP: 19/25 MP: 4/4
   921 | D:2      | Reached XP level 3. HP: 25/31 MP: 5/5
   985 | D:2      | Frozen to death by an endoplasm

Illustrated notes

Levels and vault maps discovered:
D:1:      eino_arrival_water_star, layout_rooms, serial_shops, shop
D:2:      minmay_chambers_of_twos, layout_basic, basic_altar

Skill      XL: |  1  2 |
---------------+-------+-----
Unarmed Combat | 2 |  2.2
Shields        | 3 |  3.1
Armour         | 3 |  3.1
Fighting       | 3 |  3.0
Ranged Weapons | |  0.9

Action                   || total
-------------------------++-------
Melee: Unarmed           ||   182
Armor: Scale mail        ||    98
Dodge: Dodged            ||   107
Block: Buckler           ||    47

Table legend: (Time is in decaauts)
 A = Elapsed time spent in this place.
 B = Non-inter-level travel time spent in this place.
 C = Inter-level travel time spent in this place.
 D = Time resting spent in this place.
 E = Time spent auto-exploring this place.
 F = Levels seen in this place.
 G = Mean time per level.
                   A        B        C        D        E       F      G
               +--------+--------+--------+--------+--------+-----+--------+
         Total |    986 |    967 |     19 |      0 |    704 |   2 |  493.0 |
       Dungeon |    986 |    967 |     19 |      0 |    704 |   2 |  493.0 |
               +--------+--------+--------+--------+--------+-----+--------+

Top non-repeatable levels by time:
     D:1: 708 daAuts
     D:2: 278 daAuts
